 Dungeon Crawl Stone Soup version 0.18-a0-1195-g77a4f03 (webtiles) character file.

550 Duffy the Skirmisher (level 7, -3/39 HPs)
             Began as a Vine Stalker Assassin on Jan 29, 2016.
             Slain by an iguana (7 damage)
             ... on level 5 of the Dungeon.
             The game lasted 00:04:34 (3203 turns).

Duffy the Skirmisher (Vine Stalker Assassin)        Turns: 3203, Time: 00:04:35

Health: -3/39      AC:  7    Str: 14    XL:     7   Next: 29%
Magic:  0/8        EV: 12    Int: 13    God:
Gold:   95         SH:  0    Dex: 15    Spells: 0 memorised, 6 levels left

rFire  + . .     SeeInvis .     a - +3 dagger
rCold  . . .     Gourm    .     j - +0 ring mail {rF+}
rNeg   . . .     Faith    .     (no shield)
rPois  .         Spirit   +     k - +0 helmet
rElec  .         Dismiss  .     d - +0 cloak
rCorr  .         Reflect  .     (no gloves)
SustAt +         Harm     .     (no boots)
MR     +....                    (no amulet)
Stlth  ++........               m - ring of protection from magic
                                D - ring of sustain attributes

@: somewhat resistant to hostile enchantments, unstealthy
A: fangs 2, regeneration 2, magic shield, antimagic bite, no device heal 3, rot
immunity
a: no special abilities


You were on level 5 of the Dungeon.
You were hungry.

You visited 1 branch of the dungeon, and saw 5 of its levels.

You collected 95 gold pieces.


Innate Abilities, Weirdness & Mutations

You have extremely sharp teeth.
You heal very quickly.
When hurt, damage is shared between your health and your magic reserves.
Your bite disrupts and absorbs the magic of your enemies.
Potions and wands cannot restore your health.
You are immune to rotting.


   Skills:
 + Level 5.0 Fighting
 - Level 2.0 Short Blades
 - Level 2.0 Throwing
 + Level 4.2 Dodging
 - Level 4.8 Stealth


You had 6 spell levels left.
You didn't know any spells.

Inventory:

Hand Weapons
 a - a +3 dagger (weapon)
 b - a +0 blowgun
Missiles
 e - 8 poisoned needles
 f - 2 curare-tipped needles
Armour
 c - a +0 robe
 d - a +0 cloak (worn)
 j - a +0 ring mail of fire resistance (worn)
 k - a +0 helmet (worn)
 y - a +0 plate armour
Jewellery
 m - a ring of protection from magic (right hand)
 v - an uncursed ring of flight
 D - a ring of sustain attributes (left hand)
Scrolls
 i - a scroll of remove curse
 p - 2 scrolls of recharging
 F - a scroll of vulnerability {unknown}
Potions
 h - 2 potions of curing {unknown}
 o - a potion of might {unknown}
 q - a potion of haste {unknown}
 u - 4 potions of lignification
 w - a potion of agility {unknown}
 z - a potion of berserk rage {unknown}
 A - a potion of heal wounds {unknown}
Comestibles
 g - 4 bread rations
 l - 2 slices of pizza
 n - 3 chunks of flesh
 t - a beef jerky
 C - 2 meat rations

Dungeon Overview and Level Annotations

Branches:
Dungeon (5/15)
 Temple: D:4-7

Altars:
Ashenzari
Elyvilon
Qazlal
Trog
Yredelemnul

Annotations:
D:4 Duffy's ghost, novice FoBe


Message History

The orc priest hits you but does no damage.
You closely miss the orc priest.
The orc priest is heavily wounded.
The orc priest looks braver for a moment.
You closely miss the orc priest.
The orc priest is heavily wounded.
The orc priest closely misses you.
You hit the orc priest. Your bite misses the orc priest.
The orc priest is almost dead.
The orc priest closely misses you.
You hit the orc priest.
You kill the orc priest!
The centaur shoots an arrow.
The arrow closely misses you.
You hit the orc but do no damage. You bite the orc. You drain its power.
You feel invigorated.
The orc is heavily wounded.
The orc hits you with a flail.
You hit the orc.
The orc is severely wounded.
The orc hits you with a flail.
You hit the orc.
You kill the orc!
The centaur shoots an arrow.
The arrow misses you.
Your ring mail prevents you from hitting the iguana.
Your bite misses the iguana. The iguana closely misses you.
You hit the iguana but do no damage. The iguana bites you!
You hit the iguana.
The iguana is lightly wounded.
You closely miss the iguana.
The iguana is lightly wounded.
The iguana bites you but does no damage.
You hit the iguana but do no damage. You bite the iguana, but do no damage.
The iguana is lightly wounded.
The iguana bites you!
You die...

#.#.##.# .. #.#.##.# .##
#......# #####...
###.#### #....o. #.#
#.#.o.## ###.####
#.#o...## .......#
#.#.....# .......####
#.##o### ..........#
#(@lc..# .......##.#
####.###
.......##.#######...####
......"................'.
.......##.#######...####.
#.##..###.# ##.##
#.........# #.#
#####.##### #.# #.# #.#


You could see a centaur, an iguana and an orc priest.

Action                   |  1- 3 |  4- 6 |  7- 9 || total
-------------------------+-------+-------+-------++-------
Melee: Dagger            |    85 |   227 |    54 ||   366
 Fire: Blowgun           |       |     7 |       ||     7
  Use: Scroll            |       |     6 |       ||     6
 Stab: Sleeping          |     1 |     5 |       ||     6
  Eat: Chunk             |     1 |     6 |       ||     7

Notes
Turn   | Place    | Note
--------------------------------------------------------------
     0 | D:1      | Duffy the Vine Stalker Assassin began the quest for the Orb.
     0 | D:1      | Reached XP level 1. HP: 11/11 MP: 2/2
   168 | D:1      | Reached skill level 2 in Throwing
   252 | D:1      | Reached skill level 2 in Short Blades
   506 | D:1      | Reached skill level 2 in Fighting
   506 | D:1      | Reached XP level 2. HP: 15/15 MP: 3/3
   876 | D:2      | Reached skill level 1 in Dodging
   929 | D:2      | Reached XP level 3. HP: 14/18 MP: 2/4
   969 | D:2      | Noticed Terence
   991 | D:2      | Killed Terence
  1099 | D:2      | Noticed Sigmund
  1151 | D:1      | Reached XP level 4. HP: 15/23 MP: 5/5
  1202 | D:2      | Killed Sigmund
  1202 | D:2      | Reached skill level 3 in Fighting
  1202 | D:2      | Reached skill level 2 in Dodging
  1202 | D:2      | Reached XP level 5. HP: 26/29 MP: 6/6
  1398 | D:2      | Reached skill level 4 in Fighting
  1398 | D:2      | Reached skill level 3 in Dodging
  1496 | D:2      | Gained mutation: You heal very quickly. [Vine Stalker growth]
  1496 | D:2      | Reached XP level 6. HP: 31/33 MP: 7/7
  2241 | D:4      | Noticed Duffy's ghost (novice FoBe)
  2617 | D:4      | Noticed Natasha
  2639 | D:4      | Killed Natasha
  2763 | D:5      | Entered Level 5 of the Dungeon
  2883 | D:5      | Found a bloodstained altar of Trog.
  2883 | D:5      | Found a white marble altar of Elyvilon.
  2890 | D:5      | Found a shattered altar of Ashenzari.
  2891 | D:5      | Found a basalt altar of Yredelemnul.
  2894 | D:5      | Found a stormy altar of Qazlal.
  3035 | D:5      | Reached XP level 7. HP: 25/38 MP: 4/8
  3178 | D:5      | Reached skill level 4 in Dodging
  3187 | D:5      | Reached skill level 5 in Fighting
  3203 | D:5      | Slain by an iguana

Vault maps used:
D:1:      nicolae_arrival_memento_mori, amethyst_killhole, serial_park_tiny_pond
D:2:      uniq_terence, uniq_sigmund
D:3:      first_bread
D:4:      minmay_misc_feat_encased, uniq_natasha, uniq_menkaure
D:5:      minitemple, marbit_many_paths, minmay_temple_entry_statues_pillars,
          serial_shops, shop

Vanquished Creatures
  Sigmund
  2 hounds
  2 orc priests Natasha Terence
  3 orc wizards
  2 worker ants
  6 adders
  An ooze
  An adder skeleton
  2 giant geckos
  6 orcs
  A giant cockroach
  5 goblins
  5 hobgoblins
  6 kobolds
  6 quokkas
  3 bats
  6 giant newts
  A jackal zombie
  3 rats
64 creatures vanquished.
